 Dungeon Crawl Stone Soup version 0.18-a0-917-g8a3da5b (webtiles) character file.

124 st0uf the Ruffian (level 4, -4/45 HPs)
             Began as a Troll Monk on Dec 26, 2015.
             Killed from afar by an orc wizard (8 damage)
             ... with a magic dart
             ... on level 5 of the Dungeon.
             The game lasted 00:04:42 (793 turns).

st0uf the Ruffian (Troll Monk)                       Turns: 793, Time: 00:04:44

Health: -4/45      AC:  5    Str: 20    XL:     4   Next: 81%
Magic:  3/3        EV: 11    Int:  6    God:
Gold:   86         SH:  0    Dex: 12    Spells: 0 memorised, 3 levels left

rFire  . . .     SeeInvis .       - Unarmed
rCold  . . .     Gourm    +     a - +0 robe
rNeg   . . .     Faith    .     (no shield)
rPois  .         Spirit   .     (helmet restricted)
rElec  .         Dismiss  .     (no cloak)
rCorr  .         Reflect  .     (gloves unavailable)
SustAt .         Harm     .     (boots unavailable)
MR     .....                    (no amulet)
Stlth  +.........               (no ring)
                                (no ring)

@: not resistant to hostile enchantments, very unstealthy
A: unfitting armour, claws 3, fast metabolism 3, gourmand, regeneration 2,
shaggy fur 1, tough skin 2
a: no special abilities


You were on level 5 of the Dungeon.
You were very full.

You visited 1 branch of the dungeon, and saw 5 of its levels.

You collected 86 gold pieces.

Inventory:

Armour
 a - a +0 robe (worn)
Jewellery
 k - a +4 ring of slaying {unknown}
Wands
 g - a wand of lightning (10/15)
Scrolls
 c - 3 scrolls of identify {unknown}
 d - a scroll of blinking {unknown}
 f - a scroll of noise {unknown}
Potions
 e - a potion of poison {unknown}
 h - a potion of flight {unknown}
Comestibles
 b - 2 bread rations
 i - a meat ration
 j - 3 chunks of flesh


   Skills:
 + Level 3.2 Fighting
 + Level 3.2 Dodging
 - Level 1.1 Stealth
 + Level 5.0 Unarmed Combat


You had 3 spell levels left.
You didn't know any spells.

Dungeon Overview and Level Annotations

Branches:
Dungeon (5/15)
 Temple: D:4-7

Altars:
Fedhas
Yredelemnul

Annotations:
D:5 1 runed door


Innate Abilities, Weirdness & Mutations

You are too large for most types of armour.
You have claws for hands.
Your metabolism is lightning-fast.
You like to eat raw meat.
You heal very quickly.
You are covered in fur (AC +1).
You have very tough skin (AC +2).


Message History

You closely miss the orc wizard.
The orc wizard is severely wounded.
The orc closely misses you.
The orc wizard points at you and mumbles some strange words.
The puff of frost hits you!
* * * LOW HITPOINT WARNING * * *
The orc closely misses you.
You barely miss the orc wizard.
The orc wizard is severely wounded.
The orc wizard hits you with a dagger.
* * * LOW HITPOINT WARNING * * *
The orc misses you. The orc closely misses you.
You barely miss the orc wizard.
The orc wizard is severely wounded.
The orc wizard hits you with a dagger!
* * * LOW HITPOINT WARNING * * *
The orc closely misses you.
The orc wizard points at you and mumbles some strange words.
The magic dart hits you!
You die...

..................
####
###....##........
..$ #....##.....###
#.####....##.....#p+
#...##....##.....###
#......#####........
#......# ####.....
#####.o.(..# #.....
#(....o@...# ######
.....o)........
#...#.#..###### #.#
###..# . ...# ###.#
#.. ..


You could see an orc wizard and 2 orcs.

Vanquished Creatures
  An orc priest (D:5)
  A giant frog skeleton (D:4)
  A hound skeleton (D:5)
  3 gnolls (D:3)
  A giant gecko (D:5)
  3 orcs (D:5)
  2 goblins (D:2)
  3 hobgoblins
  A jackal (D:2)
  4 kobolds
  A bat (D:2)
  A giant newt (D:2)
  2 goblin zombies (D:5)
  A jackal skeleton (D:4)
  2 rats (D:2)
  A toadstool (D:1)
28 creatures vanquished.

Notes
Turn   | Place    | Note
--------------------------------------------------------------
     0 | D:1      | st0uf the Troll Monk began the quest for the Orb.
     0 | D:1      | Reached XP level 1. HP: 22/22 MP: 0/0
   126 | D:2      | Found a blossoming altar of Fedhas.
   146 | D:2      | Reached XP level 2. HP: 25/29 MP: 1/1
   264 | D:3      | Reached XP level 3. HP: 26/36 MP: 2/2
   459 | D:4      | Reached XP level 4. HP: 31/45 MP: 3/3
   659 | D:5      | Entered Level 5 of the Dungeon
   743 | D:5      | Noticed a human
   744 | D:5      | Found a runed door.
   749 | D:5      | Found a basalt altar of Yredelemnul.
   784 | D:5      | Reached skill level 5 in Unarmed Combat
   793 | D:5      | Killed from afar by an orc wizard

Vault maps used:
D:1:      ldierk_water_garden, serial_forest, infiniplex_forest_end_2,
          infiniplex_forest_straight_5, infiniplex_forest_clump_large,
          infiniplex_forest_lined_2
D:2:      first_bread, fedhas_altar_1
D:3:      kennysheep_goblin_castle, uniq_sigmund, uniq_iyjb
D:5:      ashenzari_conservatory_becter, serial_shops, shop,
          dk_yredelemnul_ordeal

Action                   |  1- 3 |  4- 6 || total
-------------------------+-------+-------++-------
Melee: Unarmed           |    57 |    32 ||    89
 Stab: Sleeping          |       |     1 ||     1
  Eat: Chunk             |    10 |     2 ||    12
